[Event "EYTCC U12 Girls 2018"]
[Site "Bad Blankeburg"]
[Date "2018.07.12"]
[Round "1"]
[White "Cornileau, Juliette"]
[Black "Gaal, Zsoka"]
[Result "0-1"]
[ECO "B04"]
[WhiteElo "1644"]
[BlackElo "2044"]
[Annotator "NA"]
[PlyCount "146"]
[EventDate "2018.07.12"]
[EventType "swiss"]
[EventCountry "GER"]
[SourceTitle "playchess.com"]
[Source "ChessBase"]
[SourceQuality "1"]
[TimeControl "40/5400+30:1800+30"]

1. e4 Nf6 2. e5 Nd5 3. d4 d6 4. Nf3 g6 5. Bc4 c6 6. O-O Bg7 7. Qe2 O-O 8. Bb3 Bg4 9. Re1 dxe5 10. dxe5 Nd7 11. c4 Nc7 12. Bf4 Ne6 13. Bg3 Nd4 14. Qe3 Nf5 15. Qf4 Bxf3 16. Qxf3 Qa5 17. Nc3 Nxe5 18. Bxe5 Bxe5 19. Rac1 Bf6 20. Qe2 Nd4 21. Qe3 Rad8 22. Ne4 Bg7 23. c5 Nxb3 24. Qxb3 Qc7 25. Qa3 a6 26. b4 Rd4 27. Qb3 Qf4 28. Qb1 Rfd8 29. Re3 e6 30. Nd6 Rxb4 31. Qc2 Rb2 32. Qe4 Qxf2+ 33. Kh1 Bh6 34. Ree1 Bxc1 35. Rxc1 Qe2 36. Qxe2 Rxe2 37. Rf1 f5 38. h3 Rxa2 39. Rd1 Rc2 40. Re1 Rxc5 41. Nxb7 Rcd5 42. Nxd8 Rxd8 43. Rxe6 Rc8 44. Re7 c5 45. Re6 a5 46. Ra6 c4 47. Rxa5 c3 48. Ra1 c2 49. Rc1 Kf7 50. Kg1 Ke6 51. Kf2 Ke5 52. Ke3 Rc3+ 53. Kd2 Kd4 54. Ke2 Ke4 55. Kd2 Rc7 56. Re1+ Kf4 57. Kc1 Kg3 58. Re2 f4 59. Rd2 g5 60. Re2 h5 61. Rd2 g4 62. hxg4 hxg4 63. Re2 f3 64. gxf3 gxf3 65. Re8 f2 66. Rg8+ Kf3 67. Rf8+ Ke2 68. Re8+ Kf1 69. Rf8 Rc4 70. Rf7 Ke2 71. Re7+ Kf3 72. Rf7+ Rf4 73. Rd7 f1=Q+ 0-1

[Event "EYTCC U12 Girls 2018"]
[Site "Bad Blankeburg"]
[Date "2018.07.12"]
[Round "1"]
[White "Markus, Molli Amina"]
[Black "Pentcheff, Laura"]
[Result "*"]
[ECO "B34"]
[WhiteElo "1566"]
[BlackElo "1594"]
[Annotator "NA"]
[PlyCount "59"]
[EventDate "2018.07.12"]
[EventType "swiss"]
[EventCountry "GER"]
[SourceTitle "playchess.com"]
[Source "ChessBase"]
[SourceQuality "1"]
[TimeControl "40/5400+30:1800+30"]

1. e4 c5 2. Nf3 Nc6 3. d4 cxd4 4. Nxd4 g6 5. Nc3 Bg7 6. Be3 Nf6 7. f3 O-O 8. Qd2 e6 9. O-O-O d5 10. exd5 exd5 11. Nde2 Be6 12. Nf4 Ne7 13. h4 Nf5 14. Bc5 Re8 15. Nfxd5 Nxd5 16. Nxd5 Qxd5 17. Qxd5 Bxd5 18. Rxd5 Ng3 19. Bb5 Nxh1 20. Bxe8 Rxe8 21. Rd1 Ng3 22. Bxa7 Bh6+ 23. Kb1 Nf5 24. Rh1 Re2 25. a3 Rxg2 26. Bc5 Ne3 27. c3 Re2 28. h5 g5 29. f4 gxf4 30. Rg1+ *

[Event "EYTCC U12 Girls 2018"]
[Site "Bad Blankeburg"]
[Date "2018.07.12"]
[Round "1"]
[White "Markus, Molli Amina"]
[Black "Pentcheff, Laura"]
[Result "1/2-1/2"]
[ECO "A49"]
[WhiteElo "1566"]
[BlackElo "1594"]
[Annotator "NA"]
[PlyCount "110"]
[EventDate "2018.07.12"]
[EventType "swiss"]
[EventCountry "GER"]
[SourceTitle "playchess.com"]
[Source "ChessBase"]
[SourceQuality "1"]
[TimeControl "40/5400+30:1800+30"]

1. d4 Nf6 2. Nf3 g6 3. g3 Bg7 4. Bg2 O-O 5. O-O d6 6. c4 c6 7. Nc3 a6 8. a4 Nbd7 9. e4 c5 10. d5 Ng4 11. h3 Nge5 12. Nxe5 Nxe5 13. Qe2 Re8 14. f4 Nd7 15. Bd2 e6 16. Qf3 exd5 17. exd5 f5 18. Rae1 Nf6 19. Rxe8+ Qxe8 20. Re1 Qf7 21. b3 Bd7 22. Kf2 Re8 23. Rxe8+ Nxe8 24. Qe2 Bd4+ 25. Kf1 Qg7 26. Nd1 Nc7 27. Qe1 b5 28. axb5 axb5 29. Bf3 bxc4 30. bxc4 Qf6 31. Kg2 h6 32. Qe2 g5 33. Nf2 Qg7 34. fxg5 hxg5 35. Kf1 Ne8 36. Bg2 Nf6 37. Bc1 Kf7 38. Qd2 g4 39. h4 Nh5 40. Qd3 Qe5 41. Nh1 Bc3 42. Qe3 Qxe3 43. Bxe3 Bc8 44. Kf2 Ba6 45. Bf1 Nf6 46. Kg2 Ne4 47. Nf2 Nd2 48. Bxd2 Bxd2 49. Bd3 Kf6 50. Kf1 Bc3 51. Nd1 Be5 52. Kf2 Bd4+ 53. Ke2 Be5 54. Kf2 Bd4+ 55. Ke2 Be5 1/2-1/2

[Event "EYTCC U12 Girls 2018"]
[Site "Bad Blankeburg"]
[Date "2018.07.12"]
[Round "1"]
[White "Pohle, Saskia"]
[Black "Bashylina, Luisa"]
[Result "*"]
[ECO "B20"]
[WhiteElo "1560"]
[BlackElo "1836"]
[Annotator "NA"]
[PlyCount "61"]
[EventDate "2018.07.12"]
[EventType "swiss"]
[EventCountry "GER"]
[SourceTitle "playchess.com"]
[Source "ChessBase"]
[SourceQuality "1"]
[TimeControl "40/5400+30:1800+30"]

1. e4 c5 2. b4 cxb4 3. a3 bxa3 4. d4 d6 5. c3 e6 6. Bd3 Nc6 7. Nf3 Nf6 8. Nxa3 Be7 9. O-O O-O 10. Qc2 h6 11. Re1 a6 12. Bb2 Bd7 13. Nc4 Rc8 14. Qd2 d5 15. exd5 exd5 16. Nce5 Nxe5 17. Nxe5 Bd6 18. Ba3 Bxa3 19. Rxa3 Ng4 20. Nxd7 Qxd7 21. Qf4 Nf6 22. Bf5 Qc7 23. Qf3 Rfe8 24. Rxe8+ Rxe8 25. g3 Qb6 26. Ra2 Qb3 27. Rd2 Qa3 28. Rd1 b5 29. Qd3 Qa2 30. Kf1 Qa4 31. Rb1 *

[Event "EYTCC U12 Girls 2018"]
[Site "Bad Blankeburg"]
[Date "2018.07.12"]
[Round "1"]
[White "Fizerova, Lucie"]
[Black "Wagner, Margarethe"]
[Result "0-1"]
[ECO "B20"]
[WhiteElo "1554"]
[BlackElo "1635"]
[Annotator "NA"]
[PlyCount "136"]
[EventDate "2018.07.12"]
[EventType "swiss"]
[EventCountry "GER"]
[SourceTitle "playchess.com"]
[Source "ChessBase"]
[SourceQuality "1"]
[TimeControl "40/5400+30:1800+30"]

1. e4 c5 2. b4 cxb4 3. a3 bxa3 4. d4 d6 5. c3 e6 6. Bd3 Nc6 7. Nf3 Nf6 8. Nxa3 Be7 9. O-O O-O 10. Qc2 h6 11. Re1 a6 12. Bb2 Bd7 13. Nc4 Rc8 14. Qd2 d5 15. exd5 exd5 16. Nce5 Nxe5 17. Nxe5 Bd6 18. Ba3 Bxa3 19. Rxa3 Ng4 20. Nxd7 Qxd7 21. Qf4 Nf6 22. Bf5 Qc7 23. Qf3 Rfe8 24. Rxe8+ Rxe8 25. g3 Qb6 26. Ra2 Qb3 27. Rd2 Qa3 28. Rd1 b5 29. Qd3 Qa2 30. Kf1 Qa4 31. Rb1 Qc4 32. Ra1 Ra8 33. Ke2 g6 34. Qxc4 dxc4 35. Bh3 Re8+ 36. Kf3 Nd5 37. Ra3 f5 38. Rxa6 Kf7 39. Ra3 Re1 40. Ra7+ Kf6 41. Ra6+ Kg5 42. Ra3 Rc1 43. Ke2 Rxc3 44. Rxc3 Nxc3+ 45. Ke3 Nd5+ 46. Kd2 Kf6 47. Bf1 Ke6 48. h3 g5 49. Be2 f4 50. g4 Kd6 51. Bf1 f3 52. Kc2 Nf4 53. Kd2 Kd5 54. Ke3 b4 55. Kd2 Kxd4 56. Kc2 b3+ 57. Kb2 Nd3+ 58. Bxd3 Kxd3 59. Kc1 c3 60. h4 gxh4 61. g5 hxg5 62. Kb1 c2+ 63. Kb2 Kd2 64. Kxb3 c1=Q 65. Ka2 Qc5 66. Kb3 Qb5+ 67. Ka3 Kc3 68. Ka2 Qb2# 0-1

[Event "EYTCC U12 Girls 2018"]
[Site "Bad Blankeburg"]
[Date "2018.07.12"]
[Round "1"]
[White "Fizerova, Lucie"]
[Black "Wagner, Margarethe"]
[Result "*"]
[ECO "A49"]
[WhiteElo "1554"]
[BlackElo "1635"]
[Annotator "NA"]
[PlyCount "64"]
[EventDate "2018.07.12"]
[EventType "swiss"]
[EventCountry "GER"]
[SourceTitle "playchess.com"]
[Source "ChessBase"]
[SourceQuality "1"]
[TimeControl "40/5400+30:1800+30"]

1. d4 Nf6 2. Nf3 g6 3. g3 Bg7 4. Bg2 O-O 5. O-O d6 6. c4 c6 7. Nc3 a6 8. a4 Nbd7 9. e4 c5 10. d5 Ng4 11. h3 Nge5 12. Nxe5 Nxe5 13. Qe2 Re8 14. f4 Nd7 15. Bd2 e6 16. Qf3 exd5 17. exd5 f5 18. Rae1 Nf6 19. Rxe8+ Qxe8 20. Re1 Qf7 21. b3 Bd7 22. Kf2 Re8 23. Rxe8+ Nxe8 24. Qe2 Bd4+ 25. Kf1 Qg7 26. Nd1 Nc7 27. Qe1 b5 28. axb5 axb5 29. Bf3 bxc4 30. bxc4 Qf6 31. Kg2 h6 32. Qe2 g5 *

[Event "EYTCC U12 Girls 2018"]
[Site "Bad Blankeburg"]
[Date "2018.07.12"]
[Round "1"]
[White "Lorenz, Anouk"]
[Black "Voriskova, Anna"]
[Result "0-1"]
[ECO "B34"]
[WhiteElo "1390"]
[BlackElo "1569"]
[Annotator "NA"]
[PlyCount "126"]
[EventDate "2018.07.12"]
[EventType "swiss"]
[EventCountry "GER"]
[SourceTitle "playchess.com"]
[Source "ChessBase"]
[SourceQuality "1"]
[TimeControl "40/5400+30:1800+30"]

1. e4 c5 2. Nf3 Nc6 3. d4 cxd4 4. Nxd4 g6 5. Nc3 Bg7 6. Be3 Nf6 7. f3 O-O 8. Qd2 e6 9. O-O-O d5 10. exd5 exd5 11. Nde2 Be6 12. Nf4 Ne7 13. h4 Nf5 14. Bc5 Re8 15. Nfxd5 Nxd5 16. Nxd5 Qxd5 17. Qxd5 Bxd5 18. Rxd5 Ng3 19. Bb5 Nxh1 20. Bxe8 Rxe8 21. Rd1 Ng3 22. Bxa7 Bh6+ 23. Kb1 Nf5 24. Rh1 Re2 25. a3 Rxg2 26. Bc5 Ne3 27. c3 Re2 28. h5 g5 29. f4 gxf4 30. Rg1+ Ng2 31. b4 f3 32. Rf1 Re1+ 33. Rxe1 Nxe1 34. a4 Nd3 35. Bg1 f2 36. Bxf2 Nxf2 37. b5 Ne4 38. Kc2 Nc5 39. Kb2 f5 40. a5 f4 41. Kc2 f3 42. Kd1 Be3 43. Ke1 Kg7 44. c4 Kh6 45. a6 bxa6 46. bxa6 Nxa6 47. c5 Kxh5 48. c6 Kg4 49. c7 Nxc7 50. Kf1 h5 51. Ke1 h4 52. Kf1 h3 53. Ke1 h2 54. Kd1 h1=Q+ 55. Kc2 Qg2+ 56. Kd3 Qd2+ 57. Kc4 Qd4+ 58. Kb3 Qc5 59. Kb2 f2 60. Kb3 f1=Q 61. Ka2 Qfc4+ 62. Ka1 Qa3+ 63. Kb1 Qcc1# 0-1

[Event "EYTCC U12 Girls 2018"]
[Site "Bad Blankeburg"]
[Date "2018.07.13"]
[Round "2.1"]
[White "Gaal, Zsoka"]
[Black "Bashylina, Luisa"]
[Result "1-0"]
[ECO "A49"]
[WhiteElo "2044"]
[BlackElo "1836"]
[Annotator "NA"]
[PlyCount "73"]
[EventDate "2018.07.12"]
[EventType "swiss"]
[EventCountry "GER"]
[SourceTitle "playchess.com"]
[Source "ChessBase"]
[SourceQuality "1"]
[TimeControl "40/5400+30:1800+30"]

1. d4 Nf6 2. Nf3 g6 3. g3 Bg7 4. Bg2 d6 5. O-O O-O 6. b3 Nc6 7. Bb2 Qe8 8. c4 Nd7 9. Nc3 e5 10. dxe5 Ndxe5 11. Nxe5 Nxe5 12. Qd2 a5 13. a4 Rb8 14. Nb5 Qe7 15. Nd4 Bd7 16. Rac1 Rfe8 17. Bc3 Nc6 18. e3 Nxd4 19. Bxd4 b6 20. Rfe1 Be6 21. Qb2 Bxd4 22. exd4 Qd7 23. Qc3 Bh3 24. Qf3 Bxg2 25. Kxg2 Kg7 26. d5 Re7 27. Qc3+ Kg8 28. Rxe7 Qxe7 29. Re1 Qd7 30. Qe3 Kf8 31. Qd4 Kg8 32. Qe4 Kf8 33. Qh4 Kg7 34. Re7 Qd8 35. Qd4+ Kg8 36. Qf6 Qf8 37. Rxc7 1-0

[Event "EYTCC U12 Girls 2018"]
[Site "Bad Blankeburg"]
[Date "2018.07.13"]
[Round "2.2"]
[White "Butenandt, Svenja"]
[Black "Markus, Molli Amina"]
[Result "1-0"]
[ECO "D41"]
[WhiteElo "1751"]
[BlackElo "1566"]
[Annotator "NA"]
[PlyCount "101"]
[EventDate "2018.07.12"]
[EventType "swiss"]
[EventCountry "GER"]
[SourceTitle "playchess.com"]
[Source "ChessBase"]
[SourceQuality "1"]
[TimeControl "40/5400+30:1800+30"]

1. d4 d5 2. c4 e6 3. Nc3 Nf6 4. cxd5 Nxd5 5. e4 Nxc3 6. bxc3 c5 7. Nf3 cxd4 8. cxd4 Bb4+ 9. Bd2 Bxd2+ 10. Qxd2 O-O 11. Bc4 Nd7 12. O-O Nf6 13. Rfe1 b6 14. a4 Bb7 15. Bd3 Nh5 16. Bb1 Rc8 17. Qb4 Re8 18. Qb5 Nf4 19. Ra3 Bc6 20. Qb4 Qe7 21. Qb2 Rc7 22. Ne5 Bb7 23. Rf3 f6 24. Rxf4 fxe5 25. dxe5 Qg5 26. Rf3 Rc5 27. Rd1 Rec8 28. Ba2 Bxe4 29. Bxe6+ Kh8 30. Rg3 Qc1 31. Qe2 Qxd1+ 32. Qxd1 Rc1 33. Qf1 R8c5 34. Re3 Rxf1+ 35. Kxf1 Bc2 36. Rf3 h6 37. Rf8+ Kh7 38. Bg8+ Kg6 39. e6 Re5 40. f4 Bd3+ 41. Kf2 Re2+ 42. Kf3 Re1 43. g4 Rf1+ 44. Kg3 Rg1+ 45. Kh4 h5 46. Bf7+ Kh7 47. Bxh5 g6 48. e7 gxh5 49. e8=Q Rxg4+ 50. Kxh5 Bg6+ 51. Kxg4 1-0

[Event "EYTCC U12 Girls 2018"]
[Site "Bad Blankeburg"]
[Date "2018.07.13"]
[Round "3"]
[White "Pentcheff, Laura"]
[Black "Peglau, Charis"]
[Result "0-1"]
[ECO "D02"]
[WhiteElo "1594"]
[BlackElo "1396"]
[Annotator "NA"]
[PlyCount "118"]
[EventDate "2018.07.12"]
[EventType "swiss"]
[EventCountry "GER"]
[SourceTitle "playchess.com"]
[Source "ChessBase"]
[SourceQuality "1"]
[TimeControl "40/5400+30:1800+30"]

1. d4 d5 2. Nf3 Nf6 3. g3 Bf5 4. Bg2 e6 5. O-O Bd6 6. c4 O-O 7. Qb3 Qc8 8. Nc3 c6 9. Nd2 dxc4 10. Qxc4 Bg6 11. Nde4 Nxe4 12. Nxe4 Bc7 13. Qb3 Nd7 14. Bd2 Nb6 15. Nc5 Rd8 16. e3 Bd6 17. Ne4 Be7 18. Rac1 Qd7 19. Bb4 Bxb4 20. Qxb4 Bxe4 21. Bxe4 Qd6 22. Qb3 e5 23. dxe5 Qxe5 24. Bg2 Rd2 25. Rc2 Rxc2 26. Qxc2 Rd8 27. b3 h6 28. a4 Qa5 29. Rd1 Rxd1+ 30. Qxd1 Qb4 31. h4 Qe7 32. a5 Qd7 33. Qxd7 Nxd7 34. a6 b6 35. Bxc6 Nc5 36. b4 Nxa6 37. b5 Nb4 38. Kf1 Kf8 39. Bf3 Ke7 40. Ke1 Kd6 41. Kd2 Nd5 42. Kc2 Nc7 43. Be2 Kc5 44. Kb3 Nxb5 45. f4 Nd6 46. Ba6 b5 47. e4 Nxe4 48. Bb7 Nxg3 49. Bf3 Nf5 50. Be4 Nxh4 51. Bd3 Nf3 52. Ka3 a5 53. Bc2 Nd4 54. Bd1 Ne6 55. f5 Nd4 56. Bg4 Kc4 57. Bd1 f6 58. Bh5 Nxf5 59. Bf7+ Kc3 0-1

[Event "EYTCC U12 Girls 2018"]
[Site "Bad Blankeburg"]
[Date "2018.07.13"]
[Round "3"]
[White "Markus, Molli Amina"]
[Black "Voriskova, Anna"]
[Result "1/2-1/2"]
[ECO "A22"]
[WhiteElo "1566"]
[BlackElo "1569"]
[Annotator "NA"]
[PlyCount "113"]
[EventDate "2018.07.12"]
[EventType "swiss"]
[EventCountry "GER"]
[SourceTitle "playchess.com"]
[Source "ChessBase"]
[SourceQuality "1"]
[TimeControl "40/5400+30:1800+30"]

1. c4 e5 2. Nc3 Nf6 3. d3 Nc6 4. g3 Bb4 5. Bd2 O-O 6. Bg2 Re8 7. e3 Bxc3 8. Bxc3 d5 9. cxd5 Nxd5 10. Ne2 Nxc3 11. bxc3 Be6 12. O-O Qd7 13. Re1 Bh3 14. Bh1 Bg4 15. d4 e4 16. Qb1 Bf3 17. Nf4 g5 18. Qb5 gxf4 19. Qg5+ Kf8 20. Qh6+ Ke7 21. Bxf3 exf3 22. Qg5+ f6 23. exf4+ Kf7 24. Qh5+ Kg7 25. Qxf3 Rxe1+ 26. Rxe1 Re8 27. Rxe8 Qxe8 28. Kg2 f5 29. d5 Na5 30. Qd1 Qe4+ 31. f3 Qc4 32. Qd2 h5 33. h3 b6 34. g4 Kg6 35. d6 Nb7 36. d7 hxg4 37. hxg4 fxg4 38. fxg4 Qg8 39. Qd3+ Kf6 40. g5+ Ke7 41. Qe4+ Kxd7 42. Qxb7 Qxa2+ 43. Kg3 Qa5 44. Qf3 Qf5 45. c4 a5 46. Qc3 a4 47. Qa3 Qa5 48. Kg4 Qa8 49. Qd3+ Ke7 50. Qe2+ Kf7 51. f5 a3 52. Qe6+ Kf8 53. Qf6+ Kg8 54. Qg6+ Kf8 55. Qf6+ Kg8 56. Qg6+ Kf8 57. Qf6+ 1/2-1/2

[Event "EYTCC U12 Girls 2018"]
[Site "Bad Blankeburg"]
[Date "2018.07.13"]
[Round "3"]
[White "Pohle, Saskia"]
[Black "Cornileau, Juliette"]
[Result "0-1"]
[ECO "B32"]
[WhiteElo "1560"]
[BlackElo "1644"]
[Annotator "NA"]
[PlyCount "124"]
[EventDate "2018.07.12"]
[EventType "swiss"]
[EventCountry "GER"]
[SourceTitle "playchess.com"]
[Source "ChessBase"]
[SourceQuality "1"]
[TimeControl "40/5400+30:1800+30"]

1. e4 c5 2. Nf3 Nc6 3. d4 cxd4 4. Nxd4 e5 5. Ne2 Nf6 6. Nbc3 Bb4 7. a3 Be7 8. Ng3 d6 9. Bc4 O-O 10. O-O Nd4 11. Be3 Be6 12. Bxe6 Nxe6 13. Qd2 Qd7 14. Rfd1 Rfd8 15. Nd5 Nxd5 16. Qxd5 g6 17. Rac1 b6 18. c4 Rac8 19. b4 Qa4 20. b5 Rc7 21. Rd3 Rdc8 22. Rdc3 Qa5 23. Qd3 a6 24. bxa6 Qxa6 25. h3 Nc5 26. Bxc5 Rxc5 27. Nf1 Qb7 28. Ne3 Bg5 29. R1c2 Bxe3 30. Qxe3 Qc6 31. Qe2 Qc7 32. a4 Qc6 33. Qd3 Ra8 34. Ra2 Rxa4 35. Rxa4 Qxa4 36. Kh2 Qc6 37. Rb3 Rxc4 38. Rxb6 Qxb6 39. Qxc4 Qxf2 40. Qc6 Qc5 41. Qa8+ Kg7 42. Qe8 Qc1 43. Qa8 Qc7 44. Qe8 f5 45. Qa8 fxe4 46. Qxe4 Qf7 47. Qd3 d5 48. Qe2 Qe7 49. Qb5 d4 50. Qd3 Qd6 51. Kg1 Qd5 52. Qa3 Qd7 53. Qc5 Kf6 54. Qf8+ Ke6 55. Qg8+ Kf5 56. Qf8+ Kg5 57. h4+ Kh5 58. Qf6 Qf5 59. Qg7 h6 60. g3 d3 61. Qe7 d2 62. Qd6 Qb1+ 0-1

[Event "EYTCC U12 Girls 2018"]
[Site "Bad Blankeburg"]
[Date "2018.07.14"]
[Round "4"]
[White "Bashylina, Luisa"]
[Black "Fizerova, Lucie"]
[Result "1-0"]
[ECO "B30"]
[WhiteElo "1836"]
[BlackElo "1554"]
[Annotator "NA"]
[PlyCount "45"]
[EventDate "2018.07.12"]
[EventType "swiss"]
[EventCountry "GER"]
[SourceTitle "playchess.com"]
[Source "ChessBase"]
[SourceQuality "1"]
[TimeControl "40/5400+30:1800+30"]

1. e4 c5 2. Nf3 Nc6 3. Bb5 d6 4. d4 cxd4 5. Qxd4 Bd7 6. Bxc6 Bxc6 7. Nc3 e5 8. Qd3 Nf6 9. Bg5 Be7 10. O-O-O Qc7 11. Bxf6 gxf6 12. Nh4 Rd8 13. Nf5 Bf8 14. Kb1 Rg8 15. Qh3 Rh8 16. Qh4 Be7 17. Ng7+ Kf8 18. Qh6 Kg8 19. Rd3 Qc8 20. Nf5 Qxf5 21. exf5 Bf8 22. Rg3+ Bg7 23. Qxg7# 1-0

[Event "EYTCC U12 Girls 2018"]
[Site "Bad Blankeburg"]
[Date "2018.07.14"]
[Round "4"]
[White "Voriskova, Anna"]
[Black "Butenandt, Svenja"]
[Result "1/2-1/2"]
[ECO "B52"]
[WhiteElo "1569"]
[BlackElo "1751"]
[Annotator "NA"]
[PlyCount "60"]
[EventDate "2018.07.12"]
[EventType "swiss"]
[EventCountry "GER"]
[SourceTitle "playchess.com"]
[Source "ChessBase"]
[SourceQuality "1"]
[TimeControl "40/5400+30:1800+30"]

1. e4 c5 2. Nf3 d6 3. Bb5+ Bd7 4. Bxd7+ Qxd7 5. O-O Nf6 6. Qe2 Nc6 7. c3 g6 8. Rd1 Bg7 9. d4 cxd4 10. cxd4 O-O 11. Nc3 a6 12. a4 Rac8 13. Bd2 Na5 14. e5 dxe5 15. dxe5 Nd5 16. Nxd5 Qxd5 17. Bb4 Qc4 18. Qxc4 Nxc4 19. Bxe7 Rfe8 20. Rd7 Nxb2 21. Rxb7 Nxa4 22. h3 Nc5 23. Bxc5 Rxc5 24. Rxa6 Bxe5 25. Nxe5 Rcxe5 26. Raa7 Rf5 27. Kf1 Rc8 28. Rc7 Rb8 29. Rab7 Ra8 30. Ra7 Rb8 1/2-1/2

[Event "EYTCC U12 Girls 2018"]
[Site "Bad Blankeburg"]
[Date "2018.07.14"]
[Round "4"]
[White "Markus, Molli Amina"]
[Black "Nguyen, Jenny Ha-Linh"]
[Result "1-0"]
[ECO "A49"]
[WhiteElo "1566"]
[BlackElo "1354"]
[Annotator "NA"]
[PlyCount "127"]
[EventDate "2018.07.12"]
[EventType "swiss"]
[EventCountry "GER"]
[SourceTitle "playchess.com"]
[Source "ChessBase"]
[SourceQuality "1"]
[TimeControl "40/5400+30:1800+30"]

1. d4 Nf6 2. Nf3 g6 3. g3 Bg7 4. Bg2 O-O 5. O-O d6 6. c4 Nbd7 7. Nc3 c6 8. Re1 Qc7 9. e4 e5 10. d5 c5 11. Bg5 a6 12. a4 h6 13. Bxf6 Nxf6 14. a5 Bd7 15. Qd2 Nh5 16. Nh4 g5 17. Qe2 Nf6 18. Nf3 Nh7 19. h4 g4 20. Nh2 h5 21. f3 Nf6 22. Rf1 Bh6 23. Nd1 Qc8 24. Ne3 Kh7 25. Kh1 Kh8 26. fxg4 Nxg4 27. Nexg4 Bxg4 28. Nxg4 Qxg4 29. Qxg4 hxg4 30. Rf6 Be3 31. Rxd6 Rad8 32. Rf6 Kg7 33. Raf1 Bd4 34. b3 Bc3 35. Kh2 Bxa5 36. Kg1 Rde8 37. h5 Bd2 38. R6f5 Be3+ 39. Kh1 b5 40. Ra1 bxc4 41. bxc4 Bd4 42. Rxa6 Be3 43. Bf1 Rb8 44. Rxe5 Rb1 45. Rf5 Re8 46. e5 Bd4 47. h6+ Kg8 48. Raf6 Re7 49. d6 Rd7 50. Rg5+ Kh8 51. Kh2 Rb2+ 52. Bg2 Rb4 53. Be4 Rxc4 54. Rxg4 Rb4 55. h7 Rb2+ 56. Kh3 Rb8 57. Rf5 c4 58. Rfg5 Rdd8 59. Bd5 Be3 60. Rg7 c3 61. Bxf7 c2 62. Rg8+ Rxg8 63. Rxg8+ Rxg8 64. hxg8=Q# 1-0

[Event "EYTCC U12 Girls 2018"]
[Site "Bad Blankeburg"]
[Date "2018.07.14"]
[Round "4"]
[White "Pohle, Saskia"]
[Black "Gaal, Zsoka"]
[Result "0-1"]
[ECO "B12"]
[WhiteElo "1560"]
[BlackElo "2044"]
[Annotator "NA"]
[PlyCount "72"]
[EventDate "2018.07.12"]
[EventType "swiss"]
[EventCountry "GER"]
[SourceTitle "playchess.com"]
[Source "ChessBase"]
[SourceQuality "1"]
[TimeControl "40/5400+30:1800+30"]

1. e4 c6 2. d4 d5 3. e5 g6 4. Nf3 Bg4 5. Bd3 Bg7 6. Nbd2 e6 7. h3 Bxf3 8. Nxf3 Ne7 9. O-O O-O 10. Qe2 Nd7 11. c3 c5 12. Be3 Nc6 13. Nd2 cxd4 14. cxd4 Qb6 15. Nb3 a5 16. Rac1 Rfc8 17. f4 a4 18. Nc5 Nxc5 19. dxc5 Qc7 20. Qf2 Rd8 21. Bd4 Bf8 22. Rc3 Rdc8 23. Be3 d4 24. Bxd4 Nxd4 25. Qxd4 Bxc5 26. Rxc5 Qxc5 27. Qxc5 Rxc5 28. Be4 Rb5 29. Rf2 Rb4 30. Re2 Ra6 31. Kf2 Rab6 32. Kg3 Rxb2 33. Rxb2 Rxb2 34. a3 b5 35. Bc6 b4 36. axb4 a3 0-1

[Event "EYTCC U12 Girls 2018"]
[Site "Bad Blankeburg"]
[Date "2018.07.14"]
[Round "5"]
[White "Gaal, Zsoka"]
[Black "Wagner, Margarethe"]
[Result "1/2-1/2"]
[ECO "A46"]
[WhiteElo "2044"]
[BlackElo "1635"]
[Annotator "NA"]
[PlyCount "107"]
[EventDate "2018.07.12"]
[EventType "swiss"]
[EventCountry "GER"]
[SourceTitle "playchess.com"]
[Source "ChessBase"]
[SourceQuality "1"]
[TimeControl "40/5400+30:1800+30"]

1. d4 Nf6 2. Nf3 c5 3. g3 cxd4 4. Qxd4 Nc6 5. Qd1 d5 6. Bg2 e5 7. O-O h6 8. b3 Be6 9. Bb2 Bd6 10. e3 O-O 11. a4 Rc8 12. Na3 a6 13. Qe2 $17 (13. c4 $1 $11 {keeps the balance.}) 13... Re8 14. Rfd1 Qc7 15. Rac1 e4 16. Nd2 Be5 17. Bxe5 Qxe5 18. h3 Nb4 19. Nf1 Qb2 20. Qd2 Na2 21. Ra1 Qxa3 22. c3 Qxb3 23. Rxa2 Qxc3 24. Rb2 Qxd2 25. Nxd2 Rc7 26. Rdb1 Rb8 27. Nb3 Bd7 28. Na5 Bxa4 29. Nxb7 Rbc8 30. Bf1 Bc2 31. Ra1 Bd3 32. Kg2 Rb8 33. Bxd3 exd3 34. Rab1 d2 35. Rxd2 Rbxb7 36. Ra1 Ra7 37. Ra5 Kf8 38. g4 Ke7 39. e4 Nxe4 40. Rdxd5 f6 41. Rd4 Nd6 42. Rda4 Rc6 43. h4 Rc4 44. Ra2 Rxg4+ 45. Kh3 Rf4 46. Kg3 Rf5 47. Rxa6 Rxa6 48. Rxa6 Ne4+ 49. Kg4 Rxf2 50. Kh5 Rg2 51. Re6+ Kd7 52. Rd6+ Ke8 53. Re6+ Kf7 54. Re7+ 1/2-1/2

[Event "EYTCC U12 Girls 2018"]
[Site "Bad Blankeburg"]
[Date "2018.07.14"]
[Round "5"]
[White "Butenandt, Svenja"]
[Black "Pentcheff, Laura"]
[Result "1/2-1/2"]
[ECO "B23"]
[WhiteElo "1751"]
[BlackElo "1594"]
[Annotator "NA"]
[PlyCount "109"]
[EventDate "2018.07.12"]
[EventType "swiss"]
[EventCountry "GER"]
[SourceTitle "playchess.com"]
[Source "ChessBase"]
[SourceQuality "1"]
[TimeControl "40/5400+30:1800+30"]

1. e4 c5 2. Nc3 e6 3. g3 Nc6 4. Bg2 g6 5. Nge2 Bg7 6. O-O Nge7 7. d3 O-O 8. Be3 Nd4 9. f4 d6 10. Qd2 Qb6 11. Rab1 Bd7 12. g4 f5 13. g5 Qc7 14. Ng3 Rab8 15. Nce2 Nxe2+ 16. Qxe2 fxe4 17. dxe4 d5 18. c3 a6 19. Qd1 Bb5 20. Rf2 Rbd8 21. Qg4 Bd7 22. Qe2 Kh8 23. Rd1 Bc8 24. Qc2 b6 25. Rfd2 Bb7 26. Qb3 Rd6 27. Qc2 Rdd8 28. Bh3 Qc6 29. Bg2 Qc7 30. Qb1 dxe4 31. Bxe4 Nd5 32. Bxd5 exd5 33. Qc2 Rde8 34. Re2 d4 35. cxd4 Bf3 36. Rde1 Bxe2 37. Rxe2 c4 38. Qc1 Re7 39. Qd2 Rfe8 40. d5 Rd7 41. f5 Rdd8 42. f6 Bf8 43. Qd4 Qf7 44. Qxb6 Rxd5 45. Qxa6 h6 46. h4 Rd3 47. Kf2 Rdxe3 48. Rxe3 Bc5 49. Nf1 Qc7 50. Kf3 Bxe3 51. Nxe3 Qd7 52. Qb6 Qh3+ 53. Ke2 Qg2+ 54. Ke1 Qg1+ 55. Ke2 1/2-1/2

[Event "EYTCC U12 Girls 2018"]
[Site "Bad Blankeburg"]
[Date "2018.07.14"]
[Round "5"]
[White "Ulrich, Helena Irene"]
[Black "Bashylina, Luisa"]
[Result "0-1"]
[ECO "C00"]
[WhiteElo "1249"]
[BlackElo "1836"]
[Annotator "NA"]
[PlyCount "110"]
[EventDate "2018.07.12"]
[EventType "swiss"]
[EventCountry "GER"]
[SourceTitle "playchess.com"]
[Source "ChessBase"]
[SourceQuality "1"]
[TimeControl "40/5400+30:1800+30"]

1. e4 e6 2. Nf3 d5 3. e5 c5 4. b4 c4 5. c3 Ne7 6. d4 cxd3 7. Bxd3 Ng6 8. O-O Be7 9. Nbd2 Qc7 10. Bb2 Nxe5 11. Nxe5 Qxe5 12. Nf3 Qd6 13. Qc2 h6 14. Rfd1 O-O 15. a3 Bf6 16. Rac1 Qe7 17. c4 dxc4 18. Bxc4 Bd7 19. Bxf6 Qxf6 20. Qe2 a6 21. Ne5 Bc6 22. Rd2 Qg5 23. Nxc6 Nxc6 24. Qe1 Ne5 25. Be2 Rac8 26. Rdc2 Rxc2 27. Rxc2 Rd8 28. h3 Nd3 29. Bxd3 Rxd3 30. Qb1 Qd8 31. Rc1 Rxa3 32. Rc4 Rd3 33. Qc2 Rd2 34. Rc8 Rxc2 35. Rxd8+ Kh7 36. Rd7 Kg6 37. Rxb7 Rb2 38. Ra7 Rxb4 39. Rxa6 Rb2 40. Ra7 Kf6 41. Ra5 Rd2 42. g4 Rd5 43. Ra3 h5 44. Rf3+ Kg6 45. gxh5+ Rxh5 46. Kh2 Rf5 47. Rg3+ Kf6 48. Kg2 Rg5 49. Rxg5 Kxg5 50. Kg3 e5 51. h4+ Kf5 52. f3 f6 53. Kf2 Kf4 54. h5 f5 55. Ke2 Kg5 0-1